 Dungeon Crawl Stone Soup version 0.30-a0-918-g0ff054e9dc (webtiles) character file.

Game seed: 8469719739483661603

25664 freelancePsychic the Cleaver (level 12, -6/118 HPs)
             Began as a Minotaur Reaver on Mar 21, 2023.
             Was an Elder of Fedhas.
             Mangled by a flying skull (10 damage)
             ... in a Gauntlet.
             The game lasted 00:32:18 (17781 turns).

freelancePsychic the Cleaver (Minotaur Reaver)     Turns: 17781, Time: 00:32:19

Health: -6/118     AC:  9    Str: 18    XL:     12   Next: 91%
Magic:  0/18       EV: 15    Int: 12    God:    Fedhas [****..]
Gold:   431        SH: 10    Dex: 13    Spells: 12/13 levels left

rFire   . . .      SeeInvis .    a - +0 war axe
rCold   . . .      Faith    .    i - +0 kite shield
rNeg    . . .      Spirit   +    E - +4 leather armour of a bailey {Regen+ Int+2}
rPois   .          Reflect  .    (helmet restricted)
rElec   .          Rampage  .    (no cloak)
rCorr   +          NoTele   +    h - +0 pair of gloves
Will    .....                    K - +0 pair of boots
Stlth   ++                       g - amulet of guardian spirit
HPRegen 1.19/turn                m - +5 ring of evasion
MPRegen 0.16/turn                o - ring of resist corrosion

@: no status effects
A: horns 2, retaliatory headbutt
a: Renounce Religion, Wall of Briars, Grow Ballistomycete, Overgrow


You were in a Gauntlet.
You worshipped Fedhas.
Fedhas was greatly pleased with you.
You visited 2 branches of the dungeon, and saw 14 of its levels.
You also visited: Gauntlet.

You collected 862 gold pieces.
You spent 431 gold pieces at shops.

Inventory:

Hand Weapons
 a - a +0 war axe (weapon)
 b - a +0 flail of venom
 v - a +0 hand axe
Missiles
 I - a throwing net
Armour
 h - a +0 pair of gloves (worn)
 i - a +0 kite shield (worn)
 k - +0 steam dragon scales
 p - a +0 tower shield
 w - a +2 chain mail of poison resistance
 E - the +4 leather armour of a bailey (worn) {Regen+ Int+2}
   (You bought it in a shop on level 10 of the Dungeon)

   Int:       It affects your intelligence (+2).
   Regen:     It increases your rate of health regeneration.
 K - a +0 pair of boots (worn)
Jewellery
 g - an amulet of guardian spirit (around neck)
 m - a +5 ring of evasion (left hand)
 o - a ring of resist corrosion (right hand)
 G - a +6 ring of intelligence
Wands
 e - a wand of roots (12)
 f - a wand of flame (37)
 n - a wand of polymorph (10)
 z - a wand of mindburst (11)
 D - a wand of charming (6)
Scrolls
 c - 2 scrolls of vulnerability
 d - 5 scrolls of noise
 q - a scroll of enchant armour
 r - 2 scrolls of blinking
 s - a scroll of poison
 t - 6 scrolls of teleportation {@r4}
 u - a scroll of torment
 y - a scroll of immolation
 A - 2 scrolls of enchant weapon
 B - 4 scrolls of fear
 N - 2 scrolls of identify {@r1}
Potions
 j - 5 potions of mutation
 l - 3 potions of brilliance
 x - 2 potions of haste {unknown}
 F - a potion of attraction {unknown}
 H - a potion of might
 J - 2 potions of magic
 M - a potion of lignification {unknown}


   Skills:
 + Level 14.8 Fighting
 + Level 14.9(15.0) Axes
 - Level 2.1(9.9) Maces & Flails
 - Level 3.1 Armour
 - Level 2.1 Dodging
 - Level 3.2 Stealth
 + Level 8.5 Shields
 - Level 1.3 Spellcasting
 - Level 2.1 Conjurations
 - Level 2.9 Necromancy
 - Level 9.4 Invocations


You had 12 spell levels left.
You knew the following spells:

 Your Spells              Type           Power      Damage    Failure   Level
a - Kiss of Death         Conj/Necr      28%        2d7       28%         1

Your spell library contained the following spells:

 Spells                   Type           Power      Damage    Failure   Level
 Summon Small Mammal      Summ           0%         N/A       63%         1
 Momentum Strike          Conj/Tloc      6%         3d8       63%         2
 Scorch                   Fire           0%         2d5       77%         2
 Hailstorm                Conj/Ice       3%         3d3       85%         3
 Call Canine Familiar     Summ           0%         N/A       94%         3
 Ignite Poison            Fire/Tmut/Pois 0%         N/A       94%         3
 Kindle Blastsparks       Fire/Tloc/Air  0%         2d10      94%         3
 Portal Projectile        Hex/Tloc       0%         N/A       94%         3
 Summon Guardian Golem    Hex/Summ       0%         N/A       94%         3
 Flame Wave               Conj/Fire      3%         2d5       99%         4
 Leda's Liquefaction      Hex/Erth       0%         N/A       100%        4
 Freezing Cloud           Conj/Ice/Air   1%         6-21      100%        5
 Summon Cactus Giant      Summ           0%         N/A       100%        6


Dungeon Overview and Level Annotations

Branches:
Dungeon (11/15)            Temple (0/1) D:6            Lair (3/5) D:10
 Shoals (0/4) Lair:2        Snake (0/4) Lair:2          Orc (0/2) D:9
Gauntlet (1/1)

Altars:
Fedhas
Hepliaklqana
Kikubaaqudgha
Makhleb
Nemelex Xobeh
Sif Muna
Vehumet
Wu Jian
Xom
Zin

Shops:
D:5 :   D:8 *   D:10 *=

Annotations:
Lair:2 3 runed translucent doors, Fitul's ghost, journeyman DjHW Gauntlet 11 transporters


Innate Abilities, Weirdness & Mutations

You have a pair of horns on your head.
You reflexively headbutt those who attack you in melee.


Message History

You headbutt the flying skull, but do no damage.
The flying skull is heavily damaged.
You hit the flying skull but do no damage. x2
You slash the flying skull!
You destroy the flying skull!
Fedhas accepts your kill.
The flying skull hits you but does no damage. x2
You block the flying skull's attack. The flying skull hits you!
* * * LOW HITPOINT WARNING * * *
You barely miss the flying skull. Your headbutt misses the flying skull.
The flying skull is heavily damaged.
You hit the flying skull. x2; The flying skull misses you.
The flying skull closely misses you. You furiously retaliate!
You headbutt the flying skull. You block the flying skull's attack.
The flying skull closely misses you. You block the flying skull's attack.
You hit the flying skull but do no damage.
The flying skull is heavily damaged.
You closely miss the flying skull. x2; The flying skull hits you.
* * * LOW HITPOINT WARNING * * *
You block the flying skull's attack. The flying skull barely misses you.
You barely miss the flying skull.
The flying skull is heavily damaged.
You miss the flying skull. You slash the flying skull!
You destroy the flying skull!
Fedhas accepts your kill. The flying skull misses you.
The flying skull completely misses you. The flying skull hits you.
* * * LOW HITPOINT WARNING * * *
Blink to where?
Press: ? - help, Dir - move target
As you read the scroll of blinking, it crumbles to dust.
You hit the flying skull.
The flying skull is almost destroyed.
The flying skull hits you but does no damage.
The hell hound barks!
You hit the flying skull.
The flying skull is almost destroyed.
The flying skull hits you!
You die...
Fedhas appreciates your contribution to the ecosystem.

......©#.....≈.....#©...........©
.#######....≈8§....#######.######
.#..........§§§..........#.#.....
.###########§§§###########.#.....
.#E.....R..#...#}...≈≈...#.#..###
.#h#....○#.#...#.≈≈≈..≈≈.#.#..#8#
.#R.##.##.)#...#≈.≈..≈..≈#.#..###
.#E.##.##°(#...#=..≈≈.≈.≈#.#..#
©#..#.©.#.R#...#@zz≈§.≈≈.#©#..###
##°.##.##○E#...#!≈.≈≈....###..#8#
.#..##.##○.#...#..≈..≈≈..#....###
.#○#.....#.#...#≈≈.≈≈.≈≈≈#....#
.#○......h.#...#....≈....#..###
.###########...###########..#8#
.......#©#.......#©#........###
.......#.#..≈∩§..#.#.......≈#
########.#########.##########


You could see an efreet, a fire elemental, a hell hound and 2 flying skulls.

Vanquished Creatures
  3 hydras
  2 catoblepae (Lair:3)
  Nergalle (Lair:1)
  A necromancer (Lair:2)
  A manticore (D:11)
  2 cyclopes (D:11)
  A cane toad (Lair:1)
  A rime drake (Lair:1)
  An unseen horror (D:11)
  3 komodo dragons
  A troll (D:11)
  A meliai (D:7)
  2 hornets
  Grinder (D:5)
  3 blink frogs (Lair:1)
  Sigmund (D:2)
  A centaur simulacrum (Gauntlet)
  4 slime creatures (Gauntlet)
  10 flying skulls (Gauntlet)
  5 shadows
  34 yaks
  5 wyverns
  A basilisk (D:10)
  5 humans (D:8)
  2 steam dragons
  A naga (Lair:2)
  Edmund (D:5)
  5 water moccasins
  2 black bears
  3 orc warriors (D:7)
  2 sky beasts
  9 wolves
  12 centaurs
  3 ogres
  5 phantoms
  A kobold brigand (D:11)
  8 bullfrogs
  4 scorpions
  A gnoll sergeant (D:8)
  2 troll zombies (D:9)
  3 wights (D:8)
  8 killer bees
  4 howler monkeys
  6 orc priests
  4 hounds
  6 jellies
  Jessica (D:1)
  4 iguanas
  5 polar bear simulacra (Lair:2)
  8 orc wizards
  A yak simulacrum (Lair:2)
  3 wolf simulacra (Lair:2)
  6 ogre zombies (D:9)
  Robin (D:3)
  6 adders
  13 gnolls
  3 shadow imps (D:7)
  A white imp (D:7)
  3 ufetubi
  A worm (D:3)
  5 dart slugs
  21 orcs
  5 ball pythons
  4 endoplasms
  A giant cockroach (D:3)
  11 goblins
  11 hobgoblins
  7 jackals
  7 kobolds
  4 quokkas
  7 bats
  A frilled lizard (D:2)
  A goblin skeleton (D:9)
  2 hobgoblin zombies (D:9)
  4 orc skeletons (D:9)
  17 orc zombies (D:9)
  5 rats
  2 river rat simulacra (Lair:2)
353 creatures vanquished.

Vanquished Creatures (collateral kills)
  A hydra (Lair:2)
  An orc wizard (D:8)
  32 ballistomycete spores
34 creatures vanquished.

Vanquished Creatures (others)
  A black bear (D:7)
  A howler monkey (D:7)
  A sleepcap (D:7)
  An orc wizard (D:8)
  2 orcs (D:7)
  12 fungi
  16 plants
  2 withered plants (Gauntlet)
36 creatures vanquished.

Grand Total: 423 creatures vanquished

Notes
Turn   | Place    | Note
-------+----------+-------------------------------------------
     0 | D:1      | freelancePsychic the Minotaur Reaver began the quest for
                  | the Orb.
     0 | D:1      | Reached XP level 1. HP: 18/18 MP: 1/1
    50 | D:1      | Reached skill level 1 in Stealth
    50 | D:1      | Reached XP level 2. HP: 24/25 MP: 3/3
   754 | D:1      | Reached XP level 3. HP: 31/31 MP: 4/4
   961 | D:2      | Noticed Jessica
   968 | D:1      | Killed Jessica
   969 | D:1      | Reached skill level 1 in Necromancy
  1082 | D:2      | Reached XP level 4. HP: 36/38 MP: 3/5
  1137 | D:2      | Noticed Sigmund
  1160 | D:3      | Found a radiant altar of Vehumet.
  1230 | D:3      | Noticed a centaur
  1238 | D:3      | Killed a centaur
  1239 | D:3      | Reached XP level 5. HP: 22/45 MP: 1/6
  1503 | D:3      | Noticed Robin
  1546 | D:3      | Killed Robin
  2383 | D:4      | Reached XP level 6. HP: 33/49 MP: 4/7
  3066 | D:4      | Found a blossoming altar of Fedhas.
  3098 | D:4      | Became a worshipper of Fedhas Madash
  3125 | D:4      | Reached skill level 5 in Axes
  3125 | D:4      | Reached skill level 1 in Invocations
  3513 | D:4      | Reached XP level 7. HP: 51/52 MP: 8/8
  4007 | D:5      | Entered Level 5 of the Dungeon
  4079 | D:5      | Noticed Edmund
  4087 | D:5      | Reached skill level 5 in Fighting
  4388 | D:5      | Noticed Grinder
  4571 | D:6      | Reached * piety under Fedhas
  4978 | D:6      | Reached XP level 8. HP: 44/70 MP: 7/9
  5160 | D:6      | Found a hazy altar of Hepliaklqana.
  5198 | D:6      | Found a staircase to the Ecumenical Temple.
  5307 | D:5      | Paralysed by Grinder for 3 turns
  5318 | D:5      | Killed Grinder
  5742 | D:7      | Found a shimmering altar of Xom.
  6293 | D:7      | Found a sparkling altar of Nemelex Xobeh.
  6293 | D:7      | Found a shimmering blue altar of Sif Muna.
  6295 | D:7      | Found an ornate altar of the Wu Jian Council.
  6296 | D:7      | Found a glowing silver altar of Zin.
  6393 | D:7      | Reached skill level 5 in Invocations
  6649 | D:7      | Noticed a hornet
  6695 | D:8      | Reached XP level 9. HP: 71/73 MP: 11/11
  6751 | D:7      | Reached ** piety under Fedhas
  7158 | D:7      | a hornet changed into a meliai
  7158 | D:7      | Noticed a meliai
  7161 | D:7      | Killed a meliai
  7530 | D:7      | Reached skill level 1 in Maces & Flails
  7788 | D:5      | Killed Edmund
  8232 | D:5      | Found Tisirch's Book Emporium.
  8420 | D:2      | Killed Sigmund
  8878 | D:8      | Reached XP level 10. HP: 74/92 MP: 11/14
  9058 | D:8      | Reached skill level 1 in Armour
  9606 | D:8      | Found Luduesub's Fire Supplies.
  9646 | D:8      | Found a burning altar of Makhleb.
 10234 | D:8      | Reached skill level 10 in Axes
 10249 | D:8      | Reached skill level 10 in Fighting
 10819 | D:9      | Reached skill level 1 in Shields
 11114 | D:9      | Reached *** piety under Fedhas
 11119 | D:9      | Found a staircase to the Orcish Mines.
 12168 | D:10     | Entered Level 10 of the Dungeon
 12195 | D:10     | Reached **** piety under Fedhas
 12423 | D:10     | Reached XP level 11. HP: 73/102 MP: 12/16
 13022 | D:10     | Found a staircase to the Lair.
 13162 | D:10     | Found Sufip's Jewellery Boutique.
 13265 | D:10     | Found Uba Bui's General Store.
 13870 | D:10     | Bought the +4 leather armour of a bailey {Regen+ Int+2} for
                  | 431 gold pieces
 14910 | Lair:1   | Entered Level 1 of the Lair of Beasts
 15129 | Lair:1   | Reached XP level 12. HP: 97/115 MP: 13/18
 15367 | Lair:1   | Reached ***** piety under Fedhas
 15368 | Lair:1   | Reached skill level 5 in Shields
 15457 | Lair:1   | Noticed Nergalle
 15475 | Lair:1   | Killed Nergalle
 15876 | Lair:2   | Found a staircase to the Shoals.
 15888 | Lair:2   | Noticed an eight-headed hydra
 15899 | Lair:2   | HP: 4/115 [eight-headed hydra (4)]
 16050 | Lair:2   | Killed an eight-headed hydra
 16149 | Lair:2   | Found a runed translucent gate.
 16149 | Lair:2   | Found a runed translucent gate.
 16149 | Lair:2   | Found a runed translucent gate.
 16178 | Lair:2   | Noticed Fitul's ghost (journeyman DjHW)
 16207 | Lair:2   | Found a staircase to the Snake Pit.
 16230 | Lair:2   | Noticed an ice dragon
 16308 | Lair:2   | Found an ancient bone altar of Kikubaaqudgha.
 16841 | Lair:2   | Noticed a seven-headed hydra
 16855 | Lair:2   | Killed a seven-headed hydra
 17132 | Lair:3   | Noticed an eight-headed hydra
 17140 | Lair:3   | Noticed a catoblepas
 17143 | Lair:3   | Noticed a catoblepas
 17144 | Lair:3   | Killed an eight-headed hydra
 17151 | Lair:3   | Killed a catoblepas
 17165 | Lair:3   | Killed a catoblepas
 17202 | Lair:3   | Noticed a seven-headed hydra
 17210 | Lair:3   | Killed a seven-headed hydra
 17238 | Lair:3   | Found a gate leading to a gauntlet.
 17247 | Gauntlet | Entered a Gauntlet
 17247 | Gauntlet | Found a transporter.
 17247 | Gauntlet | Found a transporter.
 17278 | Gauntlet | Found a transporter.
 17293 | Gauntlet | Found a transporter.
 17313 | Gauntlet | Found a transporter.
 17320 | Gauntlet | Found a transporter.
 17400 | Gauntlet | Found a transporter.
 17415 | Gauntlet | Found a transporter.
 17433 | Gauntlet | Found a transporter.
 17442 | Gauntlet | Found a transporter.
 17445 | Gauntlet | Found a transporter.
 17461 | Gauntlet | Found a transporter.
 17530 | Gauntlet | Found a transporter.
 17550 | Gauntlet | Found a transporter.
 17574 | Gauntlet | Found a transporter.
 17584 | Gauntlet | Found a transporter.
 17777 | Gauntlet | HP: 3/118 [flying skull (5)]
 17778 | Gauntlet | HP: 1/118 [flying skull (3)]
 17781 | Gauntlet | Mangled by a flying skull

Illustrated notes

Levels and vault maps discovered:
D:1:      doesnt_arrival_eight_statues, layout_loops_corners
D:2:      layout_basic, uniq_jessica, uniq_sigmund
D:3:      layout_loops_ring, vehumet_crystals, uniq_robin
D:4:      layout_cave_pods, fedhas_ov_isle_minmay
D:5:      layout_loops_ring, serial_shops, nicolae_lakefront_shop, uniq_edmund,
          uniq_grinder
D:6:      layout_rooms, nicolae_hepliaklqana_hippocampus,
          minmay_temple_entry_statues_pillars, due_unseen_surprise
D:7:      minmay_razor_zed, layout_rooms, grunt_temple_overflow_open,
          minmay_crossroads
D:8:      layout_loops_ring, mainiacjoe_overflow_six_doors_small, minivault_26,
          chequers_serial_rivers_small_b, nicolae_shop_fire_sale
          [nicolae_sub_dead_trees], minmay_ruffians
D:9:      layout_gridville, zombieorc2_lemuel
D:10:     layout_loops_ring, erik_lair_dragon, serial_shops,
          nicolae_diamond_shop, grunt_ministairs_14, nicolae_take_the_stairs
D:11:     layout_roguey, small_statue_alley_a
Lair:1:   layout_long_grid, serial_bayou_shore_a, infiniplex_staircase_pool_2,
          uniq_nergalle
Lair:2:   layout_cave_pods, minmay_shoals_entry_centaurs,
          guppyfry_snake_entry_island, gammafunk_ghost_icy, basic_altar,
          chequers_serial_rivers_micro_b, eino_house_with_fridge,
          lemuel_fruit_fields
Lair:3:   layout_roguey, gauntlet_entry_generic
Gauntlet: gammafunk_gauntlet_branching [gammafunk_gauntlet_arena_mazey,
          gammafunk_gauntlet_arena_grid, nicolae_gauntlet_arena_grate_2,
          nicolae_gauntlet_arena_x, gammafunk_gauntlet_arena_spirals,
          gammafunk_gauntlet_arena_arrow_garden,
          nicolae_gauntlet_arena_flowing_pool, nicolae_gauntlet_arena_blocks,
          gauntlet_exit_watery]

Skill      XL: |  1  2  3  4  5  6  7  8  9 10 11 12 |
---------------+-------------------------------------+-----
Stealth        | 1 2 3 |  3.2
Axes           | 4 5 6 8 9 11 13 14 | 14.9
Fighting       | 3 4 5 7 9 11 13 14 | 14.8
Necromancy     | 1 2 |  2.9
Invocations    | 1 3 5 7 8 9 |  9.4
Maces & Flails | 2 |  2.1
Armour         | 3 |  3.1
Shields        | 3 4 8 |  8.5
Dodging        | |  2.1
Spellcasting   | |  1.3
Conjurations   | |  2.1

Action                     |  1- 3 |  4- 6 |  7- 9 | 10-12 || total
---------------------------+-------+-------+-------+-------++-------
  Melee: Hand axe          |    44 |   136 |   228 |       ||   408
         Headbutt          |     9 |    21 |    56 |   169 ||   255
         Punch             |       |     1 |     3 |     6 ||    10
         Flail             |       |       |    68 |   457 ||   525
         War axe           |       |       |       |   168 ||   168
   Cast: Kiss of Death     |       |     5 |     8 |       ||    13
 Invoke: Wall of Briars    |       |       |     1 |     6 ||     7
         Grow Ballistomyce |       |       |       |     7 ||     7
  Evoke: Wand              |       |       |     6 |     3 ||     9
    Use: Scroll            |       |       |    13 |    13 ||    26
         Potion            |       |       |     6 |     2 ||     8
   Stab: Sleeping          |       |     1 |     4 |     2 ||     7
         Distracted        |       |     1 |       |     1 ||     2
         Confused          |       |       |       |     2 ||     2
 Armour: Leather armour    |    15 |    37 |    24 |    90 ||   166
         Steam dragon scal |       |       |    29 |    44 ||    73
  Dodge: Dodged            |    32 |    91 |   201 |   556 ||   880
  Block: Kite shield       |       |       |       |   124 ||   124

Table legend: (Time is in decaauts)
 A = Elapsed time spent in this place.
 B = Non-inter-level travel time spent in this place.
 C = Inter-level travel time spent in this place.
 D = Time resting spent in this place.
 E = Time spent auto-exploring this place.
 F = Levels seen in this place.
 G = Mean time per level.
                   A        B        C        D        E       F      G
               +--------+--------+--------+--------+--------+-----+--------+
         Total |  17863 |  16708 |   1155 |   1146 |  12374 |  15 | 1190.9 |
       Dungeon |  15113 |  14029 |   1084 |   1069 |  10405 |  11 | 1373.9 |
          Lair |   2220 |   2149 |     71 |      0 |   1639 |   3 |  740.0 |
      Gauntlet |    529 |    529 |      0 |     77 |    329 |   1 |  529.0 |
               +--------+--------+--------+--------+--------+-----+--------+

Top non-repeatable levels by time:
     D:7: 2423 daAuts
    D:10: 2028 daAuts
     D:8: 1919 daAuts
     D:4: 1637 daAuts
     D:6: 1388 daAuts
     D:3: 1184 daAuts
  Lair:2: 1154 daAuts
     D:5: 1068 daAuts
     D:1: 1011 daAuts
     D:9: 973 daAuts
  Lair:1: 949 daAuts
    D:11: 876 daAuts
     D:2: 601 daAuts
Gauntlet: 529 daAuts
  Lair:3: 116 daAuts
